 Dungeon Crawl Stone Soup version 0.17-a0-580-g22c127a (webtiles) character file.

1 Pikaro the Chiller (level 1, -3/11 HPs)
             Began as an Octopode Ice Elementalist on Apr 15, 2015.
             Slain by a hobgoblin
             ... wielding a +0 club
              (4 damage)
             ... on level 1 of the Dungeon.
             The game lasted 00:00:14 (28 turns).

Pikaro the Chiller (Octopode Ice Elementalist)        Turns: 28, Time: 00:00:14

Health: -3/11      AC:  1    Str:  7    XL:     1   Next: 20%
Magic:  3/3        EV: 12    Int: 17    God:
Gold:   0          SH:  0    Dex: 12    Spells: 1 memorised, 3 levels left

rFire  . . .     SeeInvis .     (no weapon)
rCold  . . .     Clarity  .     (no shield)
rNeg   . . .     SustAb   .     (helmet restricted)
rPois  .         Gourm    .     (no amulet)
rElec  .         Spirit   .     (no ring)
rCorr  .         Warding  .     (no ring)
rMut   .         Stasis   .     (no ring)
MR     .....                    (no ring)
Stlth  +++.......               (no ring)
                                (no ring)
                                (no ring)
                                (no ring)

@: not resistant to hostile enchantments, fairly stealthy
A: almost no armour, amphibious, 8 rings, constrict 8, camouflage 1, gelatinous
body 1
a: no special abilities


You were on level 1 of the Dungeon.
You were not hungry.

You visited 1 branch of the dungeon, and saw 1 of its levels.

Inventory:

Potions
 a - a potion of haste {unknown}
Books
 b - a book of Frost
Comestibles
 c - a bread ration
 d - a meat ration


   Skills:
 - Level 2.0 Dodging
 - Level 2.6 Stealth
 - Level 2.0 Spellcasting
   Level 1.0 Conjurations
 + Level 3.1 Ice Magic


You had 3 spell levels left.
You knew the following spells:

 Your Spells              Type           Power        Failure   Level  Hunger
A - Freeze                Ice            ##..         6%          1    #......


Dungeon Overview and Level Annotations

Branches:
Dungeon (1/15)

Altars:


Innate Abilities, Weirdness & Mutations

You cannot wear most types of armour.
You are amphibious.
You can wear up to eight rings at the same time.
You can use your tentacles to constrict eight enemies at once.
Your skin changes colour to match your surroundings (Stealth).
Your rubbery body absorbs attacks (AC +1).


Message History

Welcome, Pikaro the Octopode Ice Elementalist.
Will you prevail where others failed? Will you find the Orb of Zot?
a - a fizzy orange potion You see here 25 stones.
d - a meat ration A goblin comes into view.
It is wielding a dagger.
The goblin shouts!
An ooze comes into view.
The goblin closely misses you.
The ooze quivers.
You tentacle-slap the goblin but do no damage.
Your grab misses the goblin. The goblin hits you with a dagger.
You take 2 damage, and have 9/11 hp.
You tentacle-slap the goblin. You grab the goblin.
You constrict the goblin, but do no damage.
The goblin misses you.
You tentacle-slap the goblin. You constrict the goblin.
You kill the goblin!
The ooze hits you. a dagger; 15 gold pieces You take 3 damage, and have 6/11 hp.
MASSIVE DAMAGE!!
You barely miss the ooze. The ooze barely misses you.
You tentacle-slap the ooze but do no damage.
The ooze hits you.
* * * LOW HITPOINT WARNING * * *
You take 5 damage, and have 1/11 hp.
MASSIVE DAMAGE!!
HP at 9%!
A hobgoblin comes into view. It is wielding a club.
The hobgoblin shouts!
A giant newt comes into view.
The hobgoblin hits you with a club.
You die...

# .# #.##
##...##
##.....##
##......l#
##@........
##.Jg........
##......#....
##......## .
# ##(.....##
#.#......##
#..#.......##
#......<..##
#..#.......##


You could see an ooze, a hobgoblin and a giant newt (wandering).

Vanquished Creatures
  A goblin (D:1)
1 creature vanquished.

Notes
Turn   | Place    | Note
--------------------------------------------------------------
     0 | D:1      | Pikaro, the Octopode Ice Elementalist, began the quest for the Orb.
     0 | D:1      | Reached XP level 1. HP: 11/11 MP: 3/3
    17 | D:1      | HP: 1/11 [ooze (5)]
    28 | D:1      | Slain by a hobgoblin

Action                   || total
-------------------------++-------
Melee: Unarmed           ||     5

Vault maps used:
D:1:      dpeg_arrival_central, minmay_newt_pond

Table legend:
 A = Turns spent in this place as a percentage of turns spent in the entire game.
 B = Non-inter-level travel turns spent in this place as a percentage of non-inter-level travel turns spent in the entire game.
 C = Inter-level travel turns spent in this place as a percentage of turns spent in this place.
 D = Turns resting spent in this place as a percentage of non-inter-level travel turns spent in this place.
 E = Turns spent auto-exploring this place as a percentage of non-inter-level travel turns spent in this place.
 F = Non-inter-level travel turns spent in this place divided by the number of levels of this place that you've seen.
                   A       B       C       D       E      F
               +-------+-------+-------+-------+-------+----------------------
         Total | 100.0 | 100.0 |   0.0 |   0.0 |   8.7 |  23.0
       Dungeon | 100.0 | 100.0 |   0.0 |   0.0 |   8.7 |  23.0
               +-------+-------+-------+-------+-------+----------------------

Table legend:
 A = Kills in this place as a percentage of kills in entire the game.
 B = Kills by you in this place as a percentage of kills by you in the entire game.
 C = Kills by friends in this place as a percentage of kills by friends in the entire game.
 D = Other kills in this place as a percentage of other kills in the entire game.
 E = Experience gained in this place as a percentage of experience gained in the entire game.
 F = Experience gained in this place divided by the number of levels of this place that you have seen.
                   A       B       C       D       E      F
               +-------+-------+-------+-------+-------+----------------------
         Total | 100.0 | 100.0 |  -nan |  -nan | 100.0 |   2.0
       Dungeon | 100.0 | 100.0 |  -nan |  -nan | 100.0 |   2.0
               +-------+-------+-------+-------+-------+----------------------
